 Dungeon Crawl Stone Soup version 0.17.2 (webtiles) character file.

188 Goblin1989 the Insei (level 5, 0/37 HPs)
             Began as a Demonspawn Transmuter on July 1, 2016.
             Succumbed to an adder's poison
             ... on level 3 of the Dungeon.
             The game lasted 00:07:54 (4550 turns).

Goblin1989 the Insei (Demonspawn Transmuter)        Turns: 4550, Time: 00:07:54

Health: 0/37       AC:  8    Str: 11    XL:     5   Next: 39%
Magic:  6/8        EV: 12    Int: 20    God:
Gold:   122        SH:  0    Dex: 13    Spells: 2 memorised, 5 levels left

rFire  . . .     SeeInvis .       - Unarmed
rCold  + . .     Clarity  +     b - +0 robe
rNeg   . . .     SustAt   .     (no shield)
rPois  .         Gourm    .     (no helmet)
rElec  .         Spirit   .     (no cloak)
rCorr  .         Warding  .     (no gloves)
rMut   .         Stasis   .     (no boots)
MR     .....                    g - amulet of clarity {Clar, !d}
Stlth  +.........               (no ring)
                                (no ring)

@: brilliant, lethally poisoned (0 -> -3), very slightly contaminated,
invisible, not resistant to hostile enchantments, very unstealthy
A: hooves 1, iridescent scales 2, cold resistance 1
a: no special abilities


You were on level 3 of the Dungeon.
You were not hungry.

You visited 1 branch of the dungeon, and saw 3 of its levels.

You collected 122 gold pieces.

Inventory:

Missiles
 a - an arrow
Armour
 b - a +0 robe (worn)
Jewellery
 g - an amulet of clarity (around neck) {Clar, !d}
Scrolls
 e - 2 scrolls of immolation {unknown}
 f - a scroll of enchant weapon {unknown}
 j - a scroll of magic mapping {unknown}
 l - a scroll of blinking {unknown}
 m - a scroll of fog {unknown}
 p - 2 scrolls of identify {unknown}
Books
 c - a book of Changes

   Spells                             Type                      Level
   a - Beastly Appendage              Transmutation                1
   b - Sticks to Snakes               Transmutation                2
   c - Spider Form                    Transmutation/Poison         3
   d - Ice Form                       Ice/Transmutation            4
   e - Blade Hands                    Transmutation                5
Comestibles
 d - 2 bread rations
 k - a slice of pizza
 o - a meat ration


   Skills:
 - Level 1.0 Fighting
 - Level 1.7 Dodging
 + Level 5.6 Unarmed Combat
 - Level 2.0 Spellcasting
 - Level 1.7 Transmutations


You had 5 spell levels left.
You knew the following spells:

 Your Spells              Type           Power        Failure   Level  Hunger
a - Beastly Appendage     Trmt           ###...       1%          1    #......
b - Sticks to Snakes      Trmt           ###.......   1%          2    ##.....


Dungeon Overview and Level Annotations

Branches:
Dungeon (3/15)

Altars:
Kikubaaqudgha
The Shining One


Innate Abilities, Weirdness & Mutations

You have large cloven feet.
You are mostly covered in iridescent scales (AC +6).
Your flesh is cold resistant.


Message History

You take 1 damage, and have 4/37 hp.
* * * LOW HITPOINT WARNING * * *
You feel sick.
You see here a scorpion corpse.
You take 1 damage, and have 3/37 hp.
You see here an adder corpse.
* * * LOW HITPOINT WARNING * * *
You feel sick.
You take 1 damage, and have 2/37 hp.
Read which item? (? for menu, Esc to quit)
As you read the scroll labeled BAIRIJ VOTHUFI, it crumbles to dust.
You feel blessed for a moment.
It was a scroll of remove curse.
* * * LOW HITPOINT WARNING * * *
You feel sick.
Your ball python withers and dies!
You take 1 damage, and have 1/37 hp.
* * * LOW HITPOINT WARNING * * *
You feel sick.
A giant cockroach comes into view.
You die...

#......# #..# #
#.###.†########..# .#
#.†......##..##.#
#.###......#.##....##
#................##.#.
###.#..###....†...<...
#.##.#####.#########
#.#...## #.# #..@...#
### ............#
.###........#
........#....
#.##...####.... # ##.#
.... #. s8 ..


There were no monsters in sight!

Vanquished Creatures
  A scorpion (D:3)
  5 adders
  3 gnolls (D:2)
  2 oozes (D:1)
  4 ball pythons
  3 giant cockroaches
  6 goblins
  6 hobgoblins
  5 jackals
  2 quokkas
  10 bats
  A giant gecko (D:2)
  4 giant newts
  4 kobolds
  8 rats
64 creatures vanquished.

Vanquished Creatures (collateral kills)
  An adder (D:2)
  2 worms (D:2)
3 creatures vanquished.

Grand Total: 67 creatures vanquished

Notes
Turn   | Place    | Note
--------------------------------------------------------------
     0 | D:1      | Goblin1989 the Demonspawn Transmuter began the quest for the Orb.
     0 | D:1      | Reached XP level 1. HP: 15/15 MP: 3/3
   282 | D:1      | Reached skill level 3 in Unarmed Combat
   500 | D:1      | Gained mutation: Your flesh is cold resistant. [demonic ancestry]
   500 | D:1      | Reached XP level 2. HP: 7/21 MP: 5/5
  1265 | D:1      | Learned a level 2 spell: Sticks to Snakes
  1413 | D:1      | Gained mutation: You are partially covered in iridescent scales (AC +4). [demonic ancestry]
  1413 | D:1      | Reached XP level 3. HP: 19/26 MP: 6/6
  1430 | D:1      | Reached skill level 4 in Unarmed Combat
  2584 | D:2      | Found a faded altar to an unknown god.
  2691 | D:2      | Gained mutation: You have large cloven feet. [demonic ancestry]
  2691 | D:2      | Reached XP level 4. HP: 13/32 MP: 2/7
  3235 | D:2      | Found a glowing golden altar of the Shining One.
  3553 | D:2      | Reached skill level 5 in Unarmed Combat
  3841 | D:2      | Found an ancient bone altar of Kikubaaqudgha.
  4161 | D:2      | Gained mutation: You are mostly covered in iridescent scales (AC +6). [demonic ancestry]
  4161 | D:2      | Reached XP level 5. HP: 27/37 MP: 8/8
  4545 | D:3      | HP: 1/37 [poisoned by an adder]
  4550 | D:3      | Succumbed to an adder's poison

Action                   |  1- 3 |  4- 6 || total
-------------------------+-------+-------++-------
Melee: Unarmed           |   216 |   110 ||   326
 Cast: Sticks to Snakes  |     5 |     6 ||    11
       Beastly Appendage |       |    11 ||    11
  Use: Potion            |       |     3 ||     3
       Scroll            |       |     1 ||     1
  Eat: Chunk             |     6 |     7 ||    13
